 Dungeon Crawl Stone Soup version 0.30-a0-263-ge22c4ad894 (webtiles) character file.

Game seed: 14283551218701550411

230 koil the Grave Robber (level 5, 0/38 HPs)
             Began as a Vampire Necromancer on Oct 13, 2022.
             Succumbed to a scorpion's poison
             ... on level 4 of the Dungeon.
             The game lasted 00:07:01 (2357 turns).

koil the Grave Robber (Vampire Necromancer)         Turns: 2357, Time: 00:07:01

Health: 0/38       AC:  4    Str:  5 (7)  XL:     5   Next: 72%
Magic:  7/9        EV: 13    Int: 16 (19) God:
Gold:   175        SH:  0    Dex: 15      Spells: 5/9 levels left

rFire   . . .      SeeInvis +    e - +2 dagger (flame)
rCold   . . .      Faith    .    (no shield)
rNeg    . . .      Spirit   .    v - +0 robe
rPois   .          Reflect  .    (no helmet)
rElec   .          Harm     .    (no cloak)
rCorr   .          Rampage  .    r - +0 pair of gloves
Will    .....                    t - +0 pair of boots
Stlth   +++.......               (no amulet)
HPRegen 0.46/turn                (no ring)
MPRegen 0.11/turn                (no ring)

@: mighty, lethally poisoned (0 -> -10), healing quickly
A: alive, fangs 3, see invisible, vampiric 2
a: Exsanguinate


You were on level 4 of the Dungeon.
You visited 1 branch of the dungeon, and saw 4 of its levels.

You collected 175 gold pieces.

Inventory:

Hand Weapons
 e - a +2 dagger of flaming (weapon)
 l - a +1 dagger of freezing
Armour
 k - a +0 robe
 r - a +0 pair of gloves (worn)
 t - a +0 pair of boots (worn)
 v - a +0 robe (worn)
 x - a scarf of shadows
Magical Staves
 q - a staff of cold
Jewellery
 d - a ring of wizardry
Wands
 m - a wand of paralysis (15)
Scrolls
 a - a scroll of enchant weapon {unknown}
 c - a scroll of noise {unknown}
 f - 4 scrolls of identify {unknown}
 g - a scroll of amnesia {unknown}
 h - a scroll of fear {unknown}
 n - a scroll of summoning {unknown}
 s - a scroll of butterflies {unknown}
 w - a scroll of immolation {unknown}
 y - a scroll of teleportation {unknown}
Potions
 b - a potion of magic
 i - a potion of flight
 j - a potion of attraction
 o - a potion of degeneration
 u - a potion of invisibility {unknown}


   Skills:
 + Level 1.8 Fighting
 + Level 1.9 Short Blades
 + Level 3.4 Dodging
 + Level 4.8 Stealth
 + Level 2.8 Spellcasting
 + Level 5.1 Necromancy


You had 5 spell levels left.
You knew the following spells:

 Your Spells              Type           Power      Damage    Failure   Level
a - Necrotise             Necr           72%        1d7       2%          1
b - Vampiric Draining     Necr           18%        2d7       7%          3

Your spell library contained the following spells:

 Spells                   Type           Power      Damage    Failure   Level
 Animate Dead             Necr           18%        N/A       22%         4
 Agony                    Necr           18%        N/A       54%         5


Dungeon Overview and Level Annotations

Branches:
Dungeon (4/15)
 Temple: D:4-7

Altars:
Fedhas

Shops:
D:1 ?


Innate Abilities, Weirdness & Mutations

Your natural rate of healing is accelerated.
You have razor-sharp teeth.
You have supernaturally acute eyesight. (SInv)
You are afflicted with vampirism and can become a bat while bloodless.


Message History

The scorpion stings you.
You hit the scorpion. You burn the scorpion.
The scorpion is severely wounded.
The scorpion stings you.
You are poisoned.
The scorpion poisons you!
You hit the scorpion but do no damage.
You bite the scorpion, but do no damage.
The scorpion is severely wounded.
You feel very sick. The scorpion closely misses you.
You barely miss the scorpion.
You bite the scorpion, but do no damage.
The scorpion is severely wounded.
You feel sick. The scorpion stings you.
You are more poisoned.
The scorpion poisons you!
You hit the scorpion but do no damage.
The scorpion is severely wounded.
You feel very sick. The scorpion stings you.
You are lethally poisoned!
The scorpion poisons you! The scorpion barely misses you.
You hit the scorpion but do no damage.
The scorpion is severely wounded.
You feel very sick. The scorpion stings you.
* * * LOW HITPOINT WARNING * * *
You barely miss the scorpion.
The scorpion is severely wounded.
* * * LOW HITPOINT WARNING * * *
You feel very sick. The scorpion barely misses you.
You hit the scorpion. You burn the scorpion.
The scorpion is almost dead.
* * * LOW HITPOINT WARNING * * *
You feel very sick.
The scorpion stings you but does no damage.
You feel very mighty all of a sudden.
You die...

##.............####.##...# #.#
..........##.......#.#...## #.##
..........####.##...##.##..###..#
.#........# #. #.....#.#...###.#
###....#.# #.##.....##.##.# #.#
#.)..#.....#.#.# #.#
###.###....###.# #.# #.#
##.#.....# #.# #@# #.......###.#
#s# #######.....# #.# ####### ...
#.. #..# #..# #..#


You could see a scorpion.

Vanquished Creatures
  A scorpion (D:4)
  A jelly (D:4)
  An orc priest (D:3)
  3 adders
  3 worms
  2 dart slugs (D:1)
  2 orcs (D:3)
  6 ball pythons
  2 bats (D:1)
  7 endoplasms
  A giant cockroach (D:4)
  6 goblins
  7 hobgoblins
  12 jackals
  2 quokkas
  3 frilled lizards
  A kobold (D:1)
  3 rats
63 creatures vanquished.

Notes
Turn   | Place    | Note
-------+----------+-------------------------------------------
     0 | D:1      | koil the Vampire Necromancer began the quest for the Orb.
     0 | D:1      | Reached XP level 1. HP: 13/13 MP: 3/3
   269 | D:1      | Reached XP level 2. HP: 11/20 MP: 0/5
   499 | D:1      | Found Lepyim's Magic Scroll Boutique.
   922 | D:2      | Gained mutation: You are afflicted with vampirism and can
                  | become a bat while bloodless. [Vampire growth]
   922 | D:2      | Reached XP level 3. HP: 25/25 MP: 6/6
   997 | D:2      | Learned a level 3 spell: Vampiric Draining
  1045 | D:2      | Found a blossoming altar of Fedhas.
  1177 | D:2      | Reached skill level 1 in Fighting
  1407 | D:3      | Reached skill level 1 in Short Blades
  1427 | D:3      | Reached XP level 4. HP: 30/32 MP: 7/7
  1433 | D:3      | Found a faded altar of an unknown god.
  2155 | D:4      | Noticed a scorpion
  2169 | D:4      | Killed a scorpion
  2170 | D:4      | Reached skill level 5 in Necromancy
  2170 | D:4      | Reached XP level 5. HP: 15/38 MP: 0/9
  2357 | D:4      | Succumbed to a scorpion's poison

Illustrated notes

Levels and vault maps discovered:
D:1:      minmay_arrival_four_houses, layout_loops_cross, serial_shops,
          shop_fountains, skrybe_limestone_x, hex_medium,
          nicolae_figureground_pulse
D:2:      layout_rooms, basic_altar
D:3:      layout_basic, chequers_ecumenical_altar_simple_redux
D:4:      layout_loops_ring, minmay_fountain_box, minmay_vboxes,
          uniq_crazy_yiuf_cottage, uniq_ijyb

Skill      XL: |  1  2  3  4 |
---------------+-------------+-----
Fighting       | 1 |  1.8
Short Blades   | 1 |  1.9
Stealth        | 4 |  4.8
Dodging        | 3 |  3.4
Necromancy     | 5 |  5.1
Spellcasting   | |  2.8

Action                   |  1- 3 |  4- 6 || total
-------------------------+-------+-------++-------
Melee: Unarmed           |    18 |       ||    18
       Bite              |    12 |     8 ||    20
       Dagger            |    74 |    76 ||   150
       Punch             |     1 |       ||     1
 Cast: Necrotise         |    13 |    11 ||    24
  Use: Potion            |       |     5 ||     5
 Stab: Sleeping          |     8 |     1 ||     9
Armor: Robe              |    14 |    24 ||    38
Dodge: Dodged            |    51 |    41 ||    92

Table legend: (Time is in decaauts)
 A = Elapsed time spent in this place.
 B = Non-inter-level travel time spent in this place.
 C = Inter-level travel time spent in this place.
 D = Time resting spent in this place.
 E = Time spent auto-exploring this place.
 F = Levels seen in this place.
 G = Mean time per level.
                   A        B        C        D        E       F      G
               +--------+--------+--------+--------+--------+-----+--------+
         Total |   2349 |   2299 |     50 |      0 |   1727 |   4 |  587.2 |
       Dungeon |   2349 |   2299 |     50 |      0 |   1727 |   4 |  587.2 |
               +--------+--------+--------+--------+--------+-----+--------+

Top non-repeatable levels by time:
     D:1: 854 daAuts
     D:3: 762 daAuts
     D:2: 501 daAuts
     D:4: 230 daAuts
